 Dungeon Crawl Stone Soup version 0.23.2-33-g5129a83 (webtiles) character file.

Game seed: 14253511270371818122

2746 BoppinsLewinski the Grappler (level 9, -1/46 HPs)
             Began as a Gargoyle Monk on July 22, 2019.
             Was a Priest of Makhleb.
             Slain by a hog (3 damage)
             ... on level 7 of the Dungeon.
             The game lasted 00:19:40 (8791 turns).

BoppinsLewinski the Grappler (Gargoyle Monk)        Turns: 8791, Time: 00:19:41

Health: -1/46      AC: 17    Str: 19    XL:     9   Next: 68%
Magic:  9/9        EV:  9    Int:  8    God:    Makhleb [***...]
Gold:   484        SH:  0    Dex: 12    Spells: 8/8 levels left

rFire    . . .     SeeInvis .     - Unarmed
rCold    . . .     Gourm    .   (no shield)
rNeg     + . .     Faith    .   n - +0 chain mail
rPois    ∞         Spirit   .   (no helmet)
rElec    +         Reflect  .   c - scarf {repulsion}
rCorr    .         Harm     .   q - +0 pair of gloves
MR       .....     Clarity  +   (no boots)
Stlth    ..........             (no amulet)
HPRegen  0.15/turn              (no ring)
MPRegen  0.11/turn              (no ring)

@: very slightly contaminated, repel missiles
A: clarity, dopey 1, frail 1, mutation resistance 1, negative energy resistance
1, electricity resistance, unbreathing, petrification resistance, rot immunity,
AC +6
a: Minor Destruction, Lesser Servant of Makhleb, Renounce Religion


You were on level 7 of the Dungeon.
You worshipped Makhleb.
Makhleb was most pleased with you.
You were hungry.

You visited 2 branches of the dungeon, and saw 8 of its levels.

You collected 484 gold pieces.

Inventory:

Armour
 c - a scarf of repulsion (worn)
 n - a +0 chain mail (worn)
 q - a +0 pair of gloves (worn)
Jewellery
 j - an uncursed ring of poison resistance {unknown}
 l - an uncursed amulet of rage {unknown}
 r - an uncursed ring of stealth {unknown}
Wands
 m - a wand of iceblast (16)
 o - a wand of polymorph (8)
 u - a wand of enslavement (4)
Scrolls
 a - 3 scrolls of fog
 d - 6 scrolls of identify
 f - 2 scrolls of magic mapping {unknown}
 g - 2 scrolls of remove curse {unknown}
 h - a scroll of amnesia
 i - 5 scrolls of teleportation {unknown}
 p - a scroll of blinking
Potions
 e - a potion of brilliance
 t - a potion of curing
Comestibles
 b - 15 rations


   Skills:
 + Level 4.1 Fighting
 + Level 4.8 Armour
 + Level 3.6 Dodging
 - Level 2.2 Stealth
 * Level 11.6 Unarmed Combat


You had 8 spell levels left.
You didn't know any spells.
Your spell library contained the following spells:

 Spells                   Type           Power        Failure   Level  Hunger
 Beastly Appendage        Tmut           #.....       99%         1    ##.....
 Sticks to Snakes         Tmut           #.......     100%        2    ###....
 Spider Form              Tmut/Pois      #.........   100%        3    ####...
 Ice Form                 Ice/Tmut       #.......     100%        4    #####..
 Blade Hands              Tmut           #.........   100%        5    ######.


Dungeon Overview and Level Annotations

Branches:
Dungeon (7/15)             Temple (1/1) D:5

Altars:
Ashenzari
Cheibriados
Gozag
Makhleb
Okawaru
Trog
Uskayaw
Vehumet
Xom
Yredelemnul
The Shining One

Shops:
D:4 %

Annotations:
D:3 exclusion: downstairs
D:4 2 transporters, coldmage's ghost, amateur TrMo


Innate Abilities, Weirdness & Mutations

You are resistant to torment.
Your stone body is resilient. (AC +6)
You are immune to poison.
You resist negative energy. (rN+)
You are resistant to electric shocks. (rElec)
You can survive without breathing.
You are immune to petrification.
You are immune to rotting.
You possess an exceptional clarity of mind.
You are dopey. (Int -2)
You are frail. (-10% HP)
You are somewhat resistant to further mutation.


Message History

The hog bites you!
* * * LOW HITPOINT WARNING * * *
The hog bites you but does no damage. The ogre barely misses you.
Unknown command.
Unknown command.
Unknown command.
As you read the scroll labeled POUVUV WONAMIERAE, it crumbles to dust.
You experience a momentary feeling of inescapable doom!
It was a scroll of random uselessness.
The hog bites you but does no damage. x2
The hog bites you.
* * * LOW HITPOINT WARNING * * *
The hog bites you but does no damage. The hog misses you.
The hog closely misses you.
Blink to where?
Press: ? - help, Dir - move target cursor You are very lightly contaminated with residual magic.
As you read the scroll labeled JODWET REKA, it crumbles to dust.
It was a scroll of blinking.
The hog bites you.
You die...

#.# ............ #####+#.#.#
.......###...# #......§#.#
#......###...# #......Z#.#
#......#.....)
#.....O.#.#####......#......
##......h............#......
#......h.h..........#.)....
#........h..........#......
#...>.....@.......).'......
#######...######...))####...
#%%...)...# #####)######..
#%....#.#.### #..........#..
###'#####...# #.###.####.#..
#.... ###.#.###...#.# #.#..
#.... #.........#.#.# #.#..
#### ###.#.......#.# #.#..
#.#..##.###.####.###


You could see 4 hogs, an ogre and a centaur skeleton.

Vanquished Creatures
  Prince Ribbit (D:7)
  Sigmund (D:2)
  A human (D:7)
  Eustachio (D:5)
  3 orc warriors
  2 ogres
  A centaur (D:5)
  5 big kobolds
  Blork the orc (D:5)
  2 scorpions
  2 crimson imps
  A bullfrog zombie (D:5)
  A jelly (D:6)
  A hound (D:6)
  3 orc priests
  3 gnoll shamans
  Jessica (D:3)
  4 orc wizards
  Ijyb (D:3)
  A worker ant (D:4)
  Natasha (twice) (D:2)
  A howler monkey zombie (D:7)
  19 gnolls
  10 adders
  An ooze (D:1)
  An adder zombie (D:7)
  3 worms
  A dart slug (D:3)
  7 leopard geckos
  20 orcs
  4 ball pythons
  6 giant cockroaches
  26 goblins
  39 hobgoblins
  6 jackals (D:3)
  11 kobolds
  3 quokkas
  8 bats
  3 frilled lizards
  A quokka zombie (D:6)
  10 rats
218 creatures vanquished.

Notes
Turn   | Place    | Note
-------+----------+-------------------------------------------
     0 | D:1      | BoppinsLewinski the Gargoyle Monk began the quest for the
                  | Orb.
     0 | D:1      | Reached XP level 1. HP: 14/14 MP: 1/1
   160 | D:1      | Reached XP level 2. HP: 18/19 MP: 2/2
  1033 | D:1      | Reached XP level 3. HP: 18/23 MP: 3/3
  1518 | D:2      | Noticed Natasha
  1543 | D:2      | Killed Natasha
  1543 | D:2      | Reached skill level 4 in Unarmed Combat
  1543 | D:2      | Reached XP level 4. HP: 18/29 MP: 4/4
  2111 | D:2      | Noticed Sigmund
  2113 | D:2      | Gained mutation: You are dopey. (Int -2) [potion of
                  | mutation]
  2113 | D:2      | Gained mutation: Scrolls take you a little longer to read.
                  | [potion of mutation]
  2113 | D:2      | Gained mutation: Your muscles are strong. (Str +2) [potion
                  | of mutation]
  2133 | D:2      | Killed Sigmund
  2133 | D:2      | Reached skill level 1 in Armour
  2133 | D:2      | Reached skill level 5 in Unarmed Combat
  2133 | D:2      | Reached XP level 5. HP: 13/33 MP: 5/5
  2133 | D:2      | Reached XP level 6. HP: 15/38 MP: 6/6
  2713 | D:2      | Found an iron altar of Okawaru.
  2833 | D:2      | Found a faded altar of an unknown god.
  2840 | D:2      | Noticed Natasha
  2843 | D:2      | Killed Natasha
  2978 | D:3      | Noticed Ijyb
  2990 | D:3      | Killed Ijyb
  3075 | D:3      | Noticed Jessica
  3088 | D:3      | Killed Jessica
  3088 | D:3      | Reached skill level 6 in Unarmed Combat
  3253 | D:3      | Found a shimmering altar of Xom.
  3695 | D:4      | Found Puing's Food Boutique.
  3808 | D:4      | Reached XP level 7. HP: 36/42 MP: 7/7
  3896 | D:4      | Found a transporter.
  4039 | D:3      | Reached skill level 7 in Unarmed Combat
  4330 | D:4      | Noticed coldmage's ghost (amateur TrMo)
  4332 | D:4      | Found a transporter.
  4889 | D:4      | Reached skill level 8 in Unarmed Combat
  4904 | D:4      | Reached XP level 8. HP: 48/48 MP: 8/8
  5931 | D:4      | Noticed a yak
  6020 | D:4      | Reached skill level 9 in Unarmed Combat
  6091 | D:5      | Entered Level 5 of the Dungeon
  6091 | D:5      | Noticed Blork the orc
  6107 | D:5      | Killed Blork the orc
  6206 | D:5      | Noticed Eustachio
  6229 | D:5      | Killed Eustachio
  6253 | D:5      | Found a glowing golden altar of the Shining One.
  6346 | D:5      | Found a staircase to the Ecumenical Temple.
  6355 | D:5      | Found a snail-covered altar of Cheibriados.
  6364 | Temple   | Entered the Ecumenical Temple
  6376 | Temple   | Became a worshipper of Makhleb the Destroyer
  6376 | Temple   | Reached * piety under Makhleb
  6376 | Temple   | Reached ** piety under Makhleb
  6602 | D:5      | Reached skill level 10 in Unarmed Combat
  6602 | D:5      | Reached XP level 9. HP: 34/52 MP: 9/9
  7377 | D:6      | Lost mutation: Your muscles are strong. (Str +2) [potion of
                  | mutation]
  7377 | D:6      | Lost mutation: Scrolls take you a little longer to read.
                  | [potion of mutation]
  7377 | D:6      | Gained mutation: You possess an exceptional clarity of
                  | mind. [potion of mutation]
  7377 | D:6      | Gained mutation: You are frail. (-10% HP) [potion of
                  | mutation]
  7377 | D:6      | Gained mutation: You are somewhat resistant to further
                  | mutation. [potion of mutation]
  7907 | D:7      | Noticed Prince Ribbit
  7934 | D:7      | Killed Prince Ribbit
  8326 | D:7      | Reached skill level 11 in Unarmed Combat
  8596 | D:7      | Reached *** piety under Makhleb
  8634 | D:7      | Found an opulent altar of Gozag.
  8788 | D:7      | HP: 1/46 [hog (2)]
  8791 | D:7      | Slain by a hog

Skill      XL: |  1  2  3  4  5  6  7  8  9 |
---------------+----------------------------+-----
Unarmed Combat | 4 5 6 8 10 11 | 11.6
Armour         | 1 2 3 4 |  4.8
Dodging        | 3 |  3.6
Fighting       | 4 |  4.1
Stealth        | |  2.2

Action                   |  1- 3 |  4- 6 |  7- 9 || total
-------------------------+-------+-------+-------++-------
Melee: Unarmed           |    95 |   199 |   607 ||   901
       Punch             |     3 |     5 |    13 ||    21
  Use: Potion            |     2 |     2 |     6 ||    10
       Scroll            |       |       |     4 ||     4
 Stab: Sleeping          |     5 |       |       ||     5
  Eat: Chunk             |       |     6 |     9 ||    15
       Ration            |       |     1 |     2 ||     3
Armor: Robe              |    11 |       |       ||    11
       Chain mail        |    13 |   111 |   374 ||   498
Dodge: Dodged            |    53 |    72 |   269 ||   394
       Deflected         |       |     4 |    23 ||    27
